Map: Echo LE (Void)

Players

Musumeci - Winner!

  • Race: Zerg Zerg
  • League: Diamond
  • Spawn Location: 5:00

liqidspibil

  • Race: Zerg Zerg
  • League: Diamond
  • Spawn Location: 11:00

VOD

Have the link to the VOD?

Description

Time

  • Played on: Jan. 15, 2017, 1:51 p.m.
  • Length: 4:03
Show
View Real Time Build Order
Export as new Build Order

Musumeci Zerg - Winner!

Build Orders: Pool First 

Get SALT Encoding   

  12  0:01  Drone  
  13  0:22  Spawning Pool  
  13  0:24  Drone  
  13  0:29  Drone  
  14  0:37  Overlord  
  14  0:55  Extractor  
  13  1:09  Zergling x6  
  16  1:21  Hatchery, Zergling x2  
  16  1:38  Drone  
  17  1:43  Queen  
  19  1:51  Drone  
  20  1:58  Drone  
  21  2:07  Metabolic Boost  
  21  2:14  Zergling x2  
  22  2:25  Baneling Nest  
  22  2:26  Zergling x2  
  22  2:34  Zergling x4  
  24  2:45  Zergling x4  
  26  2:52  Overlord  
  26  3:17  Zergling x10  
  31  3:28  Zergling x2  
  31  3:29  Zergling x2  
  31  3:30  Baneling  
  31  3:32  Baneling  
  33  3:34  Baneling  
Show
View Real Time Build Order
Export as new Build Order

liqidspibil Zerg 

Build Orders: Pool First 

Get SALT Encoding   

  12  0:00  Drone  
  13  0:08  Drone  
  14  0:26  Spawning Pool  
  13  0:30  Drone  
  14  0:37  Overlord  
  14  0:44  Extractor  
  14  0:45  Drone  
  14  0:52  Overlord  
  14  0:58  Drone  
  14  1:02  Drone  
  16  1:13  Queen  
  18  1:19  Zergling x2  
  18  1:24  Zergling x2  
  20  1:35  Zergling x2  
  21  1:45  Zergling x2  
  22  1:55  Metabolic Boost  
  22  1:57  Zergling x2  
  23  2:15  Hatchery  
  22  2:16  Zergling x2  
  23  2:24  Drone  
  23  2:25  Baneling Nest  
  23  2:26  Drone  
  24  2:33  Drone  
  24  2:34  Drone  
  26  2:40  Drone  
  27  2:48  Drone  
  28  2:55  Queen  
  30  3:05  Overlord  
  30  3:20  Overlord  
  30  3:25  Drone x2  
  32  3:28  Spine Crawler  
Tags
 
Add a new tag
Caveats
  • Supply blocks, unpowered buildings, or Contaminate may cause inaccurate times.
  • Supply counts are checked every 10 seconds.